[Event "15th Tashkent Open Agzamov 2022"]
[Site "Tashkent"]
[Date "2022.05.07"]
[Round "5.3"]
[White "Indjic, Aleksandar"]
[Black "Vokhidov, Shamsiddin"]
[Result "1-0"]
[ECO "E36"]
[WhiteElo "2621"]
[BlackElo "2536"]
[Annotator "TA"]
[PlyCount "51"]
[EventDate "2022.05.05"]
[EventType "swiss"]
[EventCountry "UZB"]
[SourceTitle "playchess.com"]
[Source "ChessBase"]
[SourceQuality "1"]
[TimeControl "5400+30"]

1. d4 Nf6 2. c4 e6 3. Nc3 Bb4 4. Qc2 d5 5. a3 Bxc3+ 6. Qxc3 O-O 7. e3 {[%emt 0:00:41][%cal Be2e3,Be3e4,Be4e5][%mdl 32] E36: Nimzo-Indian: Classical: 4...d5 5 a3.} b6 8. cxd5 Nxd5 9. Qc2 {[%emt 0:00:11] The position is equal.} Bb7 10. Nf3 Nd7 11. Bd3 h6 12. e4 N5f6 {[%emt 0:01:33] [#]} 13. e5 $146 ({Predecessor:} 13. Bf4 c5 14. Bd6 Re8 15. e5 Nd5 16. O-O cxd4 17. Rad1 Nf4 18. Bc7 Qc8 19. Bh7+ {½-½ (52) Lo Nigro,F (2265)-Perry,R (2108) ICCF email 2017}) 13... Nd5 14. h4 f5 15. Rh3 (15. exf6 $11 {keeps the balance.} N5xf6 16. Be3) 15... c5 $17 16. Rg3 Kh8 17. Rg6 {[%emt 0:01:50][%cal Oc1h6] [#] And now Bxh6! would win.} Ne7 {[%emt 0:09:14] Pair of Knights!} (17... Qe8 $17 18. h5 Rf7) 18. Rxe6 $11 {[%emt 0:00:08][%cal Oc1h6] Hoping for Bxh6!} Bd5 $2 {[%emt 0:03:32][%mdl 8192] This costs Black the game.} (18... Bxf3 $15 {keeps the upper hand.} 19. gxf3 cxd4) 19. Rd6 $18 Bxf3 (19... c4 $142) 20. gxf3 Nc8 {[%emt 0:00:08] [#]} 21. Re6 {[%emt 0:04:59][%cal Oc1h6] Bxh6! is the strong threat.} cxd4 $2 (21... Qxh4 {might work better.} 22. Bb5 (22. d5 Ne7 $11) 22... Nb8 23. dxc5 a6) 22. Qc6 {[%emt 0:02:05] Rxh6+ would kill now. White is clearly winning.} Nxe5 23. Rxe5 Nd6 24. Qd5 Qf6 25. Qe6 Qd8 26. Qe7 {[%emt 0:03:25] Weighted Error Value: White=0.10 (very precise) /Black=0.38} ({Weaker is} 26. Bxh6 Rf6 27. Bxg7+ Kxg7 $16) 1-0

[Event "15th Tashkent Open Agzamov 2022"]
[Site "Tashkent"]
[Date "2022.05.07"]
[Round "5.4"]
[White "Agmanov, Zhandos"]
[Black "Mchedlishvili, Mikheil"]
[Result "1/2-1/2"]
[ECO "B52"]
[WhiteElo "2420"]
[BlackElo "2595"]
[Annotator "TA"]
[PlyCount "32"]
[EventDate "2022.05.05"]
[EventType "swiss"]
[EventCountry "UZB"]
[SourceTitle "playchess.com"]
[Source "ChessBase"]
[SourceQuality "1"]
[TimeControl "5400+30"]

1. e4 c5 2. Nf3 d6 3. Bb5+ Bd7 4. Bxd7+ Nxd7 5. O-O Ngf6 6. Qe2 e6 7. d4 {[%emt 0:00:52] Recently 7.c3 got a lot of attention.} cxd4 8. Nxd4 a6 {[%emt 0:01:50] B52: Sicilian: Moscow Variation with 3...Bd7.} 9. c4 Qa5 10. Rd1 Rc8 11. b3 Be7 12. Bb2 O-O 13. Nc3 Rfe8 14. Rac1 Bf8 15. h3 Ne5 {[%emt 0:07:44] [#]} 16. Qd2 $146 ({Predecessor:} 16. Nf3 Ng6 17. g3 Rb8 18. a3 Rbc8 19. Kg2 Nd7 20. b4 Qc7 21. Nb1 Qb8 22. Nbd2 {0-1 (56) Maze,S (2557)-Jumabayev,R (2654) Chess.com INT 2020}) 16... Qb6 {[%emt 0:05:38] An uneventful encounter.  Weighted Error Value: White=0.02 (flawless) /Black=0.06 (flawless)} 1/2-1/2

[Event "15th Tashkent Open Agzamov 2022"]
[Site "Tashkent"]
[Date "2022.05.07"]
[Round "5.5"]
[White "Asadli, Vugar"]
[Black "Nigmatov, Ortik"]
[Result "1-0"]
[ECO "D00"]
[WhiteElo "2578"]
[BlackElo "2463"]
[Annotator "TA"]
[PlyCount "113"]
[EventDate "2022.05.05"]
[EventType "swiss"]
[EventCountry "UZB"]
[SourceTitle "playchess.com"]
[Source "ChessBase"]
[SourceQuality "1"]
[TimeControl "5400+30"]

1. d4 Nf6 2. Nf3 g6 3. Nc3 d5 4. Bf4 Bg7 5. e3 O-O 6. Nb5 {[%emt 0:00:05] D00: 1 d4 d5: Unusual lines.} Na6 7. h3 c6 8. Nc3 {[%emt 0:00:06] The position is equal.} Qa5 9. Nd2 Nd7 10. Nb3 Qb6 {[%emt 0:01:05] [#]} 11. Bh2 $146 ({Predecessor:} 11. Be2 e5 12. Bg3 Re8 13. O-O Nab8 14. Na4 Qb4 15. Nc3 Qe7 16. Re1 h5 17. Bf1 {1-0 (58) Melkumyan,H (2660)-Jones,G (2677) Chess.com INT 2018}) 11... e5 12. Qd2 Re8 13. O-O-O Qb4 {[%emt 0:04:31] Against Na4} (13... Nb4 $11) 14. Bxa6 $14 bxa6 15. Ne4 Qa4 (15... a5 $11 16. Qxb4 axb4) 16. Nc3 Qb4 17. g4 exd4 18. exd4 Nb6 $1 19. Rhe1 Rxe1 20. Rxe1 {[%emt 0:00:29] Hoping for Re8+.} Be6 21. Ne4 Qa4 $1 22. Nc3 Qb4 23. a3 (23. Ne2 $5 Qxd2+ 24. Kxd2 $11) 23... Qf8 24. Bf4 Nc4 25. Qd3 Re8 26. Na4 Bd7 27. Qc3 Bh6 28. g5 $1 Bg7 29. h4 f6 30. Rxe8 Qxe8 31. Nac5 {[%emt 0:00:14] Inhibits Qe4.} Qe2 {[%emt 0:01:29] ( -> ...Qf1+)} 32. Kb1 Bf5 33. Nd3 fxg5 34. hxg5 Qf3 35. Bc1 a5 36. Nd2 Nxd2+ 37. Bxd2 Bxd3 38. cxd3 $11 {[%emt 0:00:08][%mdl 4096] Endgame KQB-KQB} c5 39. Qxc5 {[%emt 0:02:04] Black must now prevent Be3.} (39. Be3 $5 ) 39... Qxd3+ 40. Kc1 Bxd4 41. Qxd5+ Kf8 $1 {[%emt 0:00:00][%cal Od4b2] Strongly threatening ...Bxb2+!} 42. Qxa5 Qc4+ 43. Kd1 Qf1+ ({Don't take} 43... Bxb2 44. Bb4+ Kf7 45. Qxa7+ Ke6 46. Qe7+ Kf5 47. Qd7+ Qe6 48. Qd3+ Qe4 49. Qd7+ Qe6 50. Qd3+ Qe4 51. Qd7+ Qe6 $16) 44. Kc2 Qc4+ 45. Bc3 {[%emt 0:00:35] Qd8+ is the strong threat.} Qe2+ (45... Kf7 $11 {might be stronger.}) 46. Kb3 (46. Kb1 $14 Qd3+ 47. Ka1 Qf1+ 48. Be1) 46... Qe6+ 47. Ka4 {[%emt 0:01:34] aiming for Qd8+.} Qe8+ (47... Bxf2 $11 48. Qd8+ Kf7) 48. Qb5 $18 Bxf2 49. Qxe8+ Kxe8 {[%emt 0:00:01] [#] KB-KB} 50. Bd2 {[%emt 0:00:00] Prevents Be3.} Kd7 51. Kb5 Kd6 52. b4 Kc7 {[%emt 0:00:34] [#]} 53. Ka6 $1 Kb8 54. b5 Ka8 55. Bf4 {[%emt 0:00:31] White mates.} Bd4 56. a4 Bg7 57. a5 {[%emt 0:00:15] Weighted Error Value: White=0.22 (precise) /Black=0.23 (precise)} 1-0

[Event "15th Tashkent Open Agzamov 2022"]
[Site "Tashkent"]
[Date "2022.05.07"]
[Round "5.6"]
[White "Abdurakhmonov, Mukhammadali"]
[Black "Sanal, Vahap"]
[Result "1/2-1/2"]
[ECO "B07"]
[WhiteElo "2308"]
[BlackElo "2575"]
[Annotator "TA"]
[PlyCount "82"]
[EventDate "2022.05.05"]
[EventType "swiss"]
[EventCountry "UZB"]
[SourceTitle "playchess.com"]
[Source "ChessBase"]
[SourceQuality "1"]
[TimeControl "5400+30"]

1. d4 d6 2. e4 Nf6 3. f3 e6 4. c4 Be7 5. Nc3 c5 {[%emt 0:00:15] [#]} 6. dxc5 $146 {[%emt 0:01:56] B07: Pirc Defence: Miscellaneous Systems.} ({Predecessor:} 6. d5 e5 7. h3 Nbd7 8. Bd3 Nf8 9. Be3 Ng6 10. g3 Bd7 11. a3 Qc8 {1-0 (11) Goldstern,F (2310)-Gherghel Butan,M (1738) Stein am Rhein 2016}) 6... dxc5 7. Qxd8+ $1 Bxd8 8. Be3 {[%emt 0:00:15] White is slightly better.} Nfd7 9. O-O-O Nc6 10. Nb5 Ke7 11. f4 Bb6 12. Nf3 f6 13. g4 {[%emt 0:16:42] White is much more active. The black rooks are badly placed.} a6 14. Nc3 Ba5 15. Rg1 b6 {[%emt 0:06:24] [#]} (15... Bxc3 $16 {is a better defense.} 16. bxc3 e5) 16. g5 $1 $18 Nd8 (16... g6 $142 17. Bg2 Ra7 18. gxf6+ Nxf6) 17. gxf6+ gxf6 18. e5 ({Much less strong is} 18. Rg7+ Nf7 19. Bh3 Bxc3 $18) 18... Bxc3 19. bxc3 Nf7 20. Bf2 ({Less strong is} 20. Rg7 Kf8 21. Rg2 (21. exf6 Nxf6 22. Rg1 Rg8 $16) 21... Rg8 22. exf6 Rxg2 23. Bxg2 Rb8 $16) 20... fxe5 21. Bh4+ Ke8 (21... Kf8 $142 22. Nxe5 Ndxe5) 22. Nxe5 Ndxe5 23. fxe5 Bb7 24. Bf6 Rf8 25. Be2 {[%emt 0:00:08] Against Bf3} Be4 26. Bh5 Bg6 27. Bf3 {[%emt 0:00:05] This bishop pair is nice.} (27. Bxg6 $18 {Threatening mate with Bh5.} hxg6 28. Rxg6) 27... Nxe5 $1 $14 28. Bxa8 Rxf6 29. Rdf1 {[%emt 0:03:23] Prevents Rf4.} Rxf1+ 30. Rxf1 Nxc4 {[%emt 0:00:05][%mdl 4096] Endgame KRB-KBN} 31. Re1 Kf7 {[%emt 0:01:27] [#]} 32. Be4 (32. Bb7 $1 $16 ) 32... b5 (32... Nd6 $11 33. Bxg6+ hxg6) 33. Bb7 $16 {[%emt 0:03:36][%mdl 1024] White has strong compensation. White is better.} a5 34. Ba6 Nd6 35. Re5 Ne4 {[%emt 0:02:22] aiming for ...Kf6.} 36. Bb7 ({Inferior is} 36. Bxb5 Kf6 37. Rxe4 Bxe4 $17) 36... Nxc3 37. Rxc5 Nxa2+ 38. Kb2 Nb4 {[%emt 0:00:11] Threatens to win with ...Nd3+.} 39. Rxb5 Nd3+ 40. Kc3 Kf6 41. Rxa5 Ne5 {[%emt 0:01:07] Black escapes into a draw.  Weighted Error Value: White=0.34/Black=0.35} 1/2-1/2

[Event "15th Tashkent Open Agzamov 2022"]
[Site "Tashkent"]
[Date "2022.05.07"]
[Round "5.7"]
[White "Romanov, Evgeny"]
[Black "Aditya Mittal"]
[Result "1-0"]
[ECO "B50"]
[WhiteElo "2573"]
[BlackElo "2490"]
[Annotator "TA"]
[PlyCount "99"]
[EventDate "2022.05.05"]
[EventType "swiss"]
[EventCountry "UZB"]
[SourceTitle "playchess.com"]
[Source "ChessBase"]
[SourceQuality "1"]
[TimeControl "5400+30"]

1. e4 c5 2. Nf3 d6 3. Bc4 Nf6 4. Qe2 Nc6 5. h3 g6 6. c3 Bg7 7. Bb3 O-O 8. O-O e5 9. d3 h6 10. Be3 {[%emt 0:01:53] [#] B50: Sicilian: 2...d6, Miscellaneous.} b6 $146 ({Predecessor:} 10... Qe7 11. Nbd2 Nh5 12. Rae1 Bd7 13. Bd5 Rae8 14. Kh2 Kh8 15. g3 Nf6 16. Bb3 Na5 17. c4 b5 {0-1 (41) Vistisen,L (2177)-Zhou,Y (2469) Leiden 2013}) 11. d4 cxd4 (11... Nxe4 12. Bxh6 $1 (12. Bd5 Bb7 $16) 12... Nf6 13. Bxg7 Kxg7 14. dxe5 Nxe5 15. Nxe5 dxe5 16. Qxe5 $11) 12. cxd4 {[%emt 0:00:29] The position is equal.} exd4 13. Nxd4 Bb7 14. Nc3 Na5 15. Bc2 Re8 16. Rad1 Qe7 17. Ndb5 Rad8 ({Better is} 17... Red8 $14) 18. Nxa7 $16 {[%emt 0:09:51] White is more active.} Nxe4 19. Bxb6 Bxc3 20. bxc3 Ra8 21. Rfe1 {[%emt 0:04:37] Black must now prevent f3.} ({Don't take} 21. Bxa5 $6 Rxa7 22. Bb4 Rxa2 $11) 21... Qg5 22. f3 (22. Qg4 $1 $16 {[%cal Rg4g5] Qxg5 is the strong threat.} Nc4 23. Bd4) 22... Nf6 $2 (22... Nc5 $1 $11 23. Qxe8+ Rxe8 24. Rxe8+ Kg7) 23. Qb5 Rxe1+ 24. Rxe1 Qd2 25. Qe2 ({White should try} 25. Re2 $1 $18 Qxc3 26. Qxa5 Qxa5 27. Bxa5) 25... Qxc3 26. Qf2 {[%emt 0:04:58] Hoping for Bd4.} Nd5 {[%emt 0:00:46] [#]} 27. Bd4 {[%emt 0:01:25] A strong pair of Bishops.} Qc4 28. Qd2 (28. Kh2 $16) 28... Qb4 $1 $11 29. Qxb4 (29. Qd1 {with more complications.} Nc4 30. Qb1 Qxb1 31. Rxb1 Na3 32. Rxb7 Nxc2 33. Bb2) 29... Nxb4 30. Bb1 Nac6 31. Nxc6 Bxc6 32. Re2 Bd5 33. a3 (33. Rb2 $5 Nc6 34. Bf6 $16) 33... Nc6 (33... Bc4 $5 34. Re3 Nd5 $11) 34. Bf6 Ne5 (34... Rxa3 $2 {is a self mate.} 35. Re8+ Kh7 36. Rh8#) 35. Rd2 Be6 {[%emt 0:00:25] White stays focused until the end.} (35... Ra5 $14) 36. Rxd6 $16 Nd7 37. Bd4 Rxa3 {[%emt 0:00:26] [#]} 38. Bxg6 $1 fxg6 (38... Kf8 {keeps fighting.}) 39. Rxe6 {[%emt 0:00:02][%mdl 4096] Endgame KRB-KRN} Nf8 $2 (39... Rd3) 40. Re7 {[%emt 0:02:23] Strongly threatening Rg7+.} Rd3 41. Rg7+ Kh8 {[%emt 0:00:01] aiming for ...Rd1+.} 42. Bf6 Rd6 43. Rxg6+ Kh7 44. Rg7+ Kh8 45. Be5 Rd5 46. Re7+ Kg8 47. Bb2 {[%emt 0:01:38] Threatens to win with Rg7+.} Nd7 48. Kh2 Rd2 $2 (48... Kf8 {was necessary.}) 49. Bc1 $18 Rd6 {[%emt 0:00:21] [#]} 50. Bxh6 $1 {[%emt 0:00:28][%mdl 512] Weighted Error Value: White=0.15 (very precise) /Black=0.35} 1-0

[Event "15th Tashkent Open Agzamov 2022"]
[Site "Tashkent"]
[Date "2022.05.07"]
[Round "5.8"]
[White "Suleymenov, Alisher"]
[Black "Van Foreest, Lucas"]
[Result "1/2-1/2"]
[ECO "D20"]
[WhiteElo "2445"]
[BlackElo "2572"]
[Annotator "TA"]
[PlyCount "119"]
[EventDate "2022.05.05"]
[EventType "swiss"]
[EventCountry "UZB"]
[SourceTitle "playchess.com"]
[Source "ChessBase"]
[SourceQuality "1"]
[TimeControl "5400+30"]

1. d4 d5 2. c4 dxc4 3. e3 e5 4. Bxc4 exd4 5. exd4 Bd6 6. Nf3 Nf6 7. Qe2+ {[%emt 0:00:20] D20: Queen's Gambit Accepted: 3 e3 and 3 e4.} Qe7 8. Qxe7+ Bxe7 9. O-O {[%emt 0:02:16] White has an edge.} O-O 10. Re1 Bd6 11. Nc3 h6 12. Nb5 Nbd7 {[%emt 0:00:38] [#]} 13. b3 $146 ({Predecessor:} 13. Nxd6 cxd6 14. Nh4 Nb6 15. Bd3 Nfd5 16. Bd2 Be6 17. Nf5 Rfd8 18. Rac1 Rac8 19. Rxc8 Nxc8 {½-½ (49) Hinz,H (2308)-Ilzig,G (2308) ICCF email 2019}) 13... Nb6 14. Nxd6 cxd6 15. Ba3 Rd8 16. Rac1 Nxc4 17. bxc4 ({Much worse is} 17. Rxc4 a5 $15) 17... b5 18. cxb5 Be6 19. Re2 Rab8 20. Rb2 Rd7 21. h3 Kh7 22. Rc6 Ne8 23. Nd2 Bd5 (23... Rdb7 $11 {keeps the balance.}) 24. Ra6 $16 Rbb7 25. Ra5 Nc7 26. Nb1 Be6 27. Nc3 Nd5 28. Nxd5 Bxd5 29. Rc2 {[%emt 0:01:33] Inhibits Bc4.} Rb6 30. Bb4 Kg6 31. a4 f6 32. f3 Kf7 33. Kf2 Ke7 34. Rc8 Kf7 35. h4 Kg6 36. Kg3 Kf5 37. Re8 Kg6 38. Ba3 Kf7 39. Rc8 {[%emt 0:00:05] White is more active.} Kg6 40. Kf4 Kh5 41. Kg3 ({White should play} 41. Bb4 $16) 41... g5 (41... Kg6 $1 $11) 42. hxg5 hxg5 43. Rf8 Kg6 44. Kf2 Kg7 45. Re8 Kf7 46. Rh8 Kg7 {[%emt 0:00:14] Prevents Rh7+.} 47. Rc8 Kf7 48. Rc1 Re7 49. Rh1 {[%emt 0:00:42] Black must now prevent Rh7+.} Kg6 {[%emt 0:01:14] Prevents Rh7.} 50. Re1 Rd7 51. Kg3 ({White should try} 51. Rc1 $16) 51... Kf7 (51... f5 $14 {was preferrable.}) 52. Rc1 Kg6 53. Rc8 (53. Bb4 $16) 53... Kf5 {[%emt 0:00:37] [#]} (53... Kh5 $1 $11) 54. Bc5 $1 Rbb7 (54... dxc5 $2 55. dxc5 Re6 56. c6 $18) 55. b6 dxc5 $11 {[%emt 0:01:41] The position is equal.} 56. Rcxc5 axb6 57. Rxd5+ Kg6 $1 58. Rab5 Rxd5 59. Rxd5 Ra7 60. Rb5 {[%emt 0:00:47] Weighted Error Value: White=0.11 (very precise) /Black=0.15 (very precise)} 1/2-1/2

[Event "15th Tashkent Open Agzamov 2022"]
[Site "Tashkent"]
[Date "2022.05.07"]
[Round "5.9"]
[White "Manafov, Vugar"]
[Black "Muradli, Mahammad"]
[Result "0-1"]
[ECO "D37"]
[WhiteElo "2311"]
[BlackElo "2539"]
[Annotator "TA"]
[PlyCount "104"]
[EventDate "2022.05.05"]
[EventType "swiss"]
[EventCountry "UZB"]
[SourceTitle "playchess.com"]
[Source "ChessBase"]
[SourceQuality "1"]
[TimeControl "5400+30"]

1. d4 Nf6 2. Nf3 e6 3. c4 d5 4. Nc3 dxc4 5. e3 a6 6. Bxc4 b5 7. Bd3 Bb7 8. a3 c5 9. dxc5 Bxc5 10. O-O O-O 11. e4 Nbd7 12. Bf4 {[%emt 0:06:46] [#] D37: Queen's Gambit Declined: 5 Bf4.} h6 $146 ({Predecessor:} 12... Nh5 13. Bg5 Be7 14. Be3 Nc5 15. Bc2 Rc8 16. Nd4 Nf6 17. f3 g6 18. Qe2 e5 19. Nb3 Na4 20. Nxa4 bxa4 {½-½ (34) Braun,T (1908)-Kraujunas,V (2009) ICCF email 2015}) 13. h3 Re8 14. e5 {[%emt 0:02:11] The position is equal.} Nd5 15. Nxd5 Bxd5 16. Qe2 Qb6 17. a4 b4 18. Nd2 Bd4 19. Nc4 Bxc4 20. Bxc4 a5 21. Rad1 Red8 22. Rd3 Nf8 23. Rfd1 {[%emt 0:09:27] [#] And now Qd2 would win.} Ng6 24. Bh2 {[%emt 0:03:30] Hoping for Qd2. A strong pair of Bishops.} Bc5 25. Qf3 $1 Nh4 26. Qf4 Nf5 27. b3 Rxd3 28. Rxd3 Rd8 29. g4 Rxd3 (29... g5 $5 30. Qf3 Nh4 $15) 30. Bxd3 Nd4 31. Qe4 g6 32. Bc4 Kg7 33. Kg2 Nc6 34. Bg3 Bd4 35. Bb5 Ne7 (35... Na7 $5 36. Bd3 Qc5 $14) 36. Qf3 Nd5 {[%emt 0:04:06] Against Qf6+} 37. Bc4 Nc3 38. h4 {[%emt 0:02:09] Threatens to win with h5.} Qd8 39. Kh3 Bb6 40. h5 g5 41. Kg2 Nb1 {[%emt 0:01:21] aiming for ...Nd2.} 42. Qd3 (42. Qc6 $11) 42... Nd2 $17 43. Qe2 {[%emt 0:01:19] Loses the game.} (43. Qxd8 $17 Bxd8 44. Bb5) 43... Qd4 $19 44. Bd3 Qd5+ ({Not} 44... Nxb3 $2 45. Bb1 $19) 45. f3 Nxb3 {[%emt 0:00:02] Strongly threatening ...Nc1.} 46. Be4 $2 (46. Bc4 Qd2 47. Qxd2 Nxd2 48. Bd3) 46... Qd4 {[%emt 0:00:20] White must now prevent ...Qg1+.} 47. Bh2 {[%emt 0:00:34] Against Qg1+} Qd2 48. Kf1 Qc1+ 49. Kg2 Nd4 50. Qa6 Qd2+ {[%emt 0:01:32] Black mates.} 51. Kh1 Qe1+ 52. Bg1 {[%emt 0:00:10] [#]} Nxf3 $1 {[%emt 0:00:08][%mdl 512] Weighted Error Value: White=0.50/Black=0.06 (flawless)} 0-1

[Event "15th Tashkent Open Agzamov 2022"]
[Site "Tashkent"]
[Date "2022.05.07"]
[Round "5.10"]
[White "Madaminov, Mukhiddin"]
[Black "Khusnutdinov, Rustam"]
[Result "1-0"]
[ECO "E41"]
[WhiteElo "2308"]
[BlackElo "2472"]
[Annotator "TA"]
[PlyCount "69"]
[EventDate "2022.05.05"]
[EventType "swiss"]
[EventCountry "UZB"]
[SourceTitle "playchess.com"]
[Source "ChessBase"]
[SourceQuality "1"]
[TimeControl "5400+30"]

1. d4 Nf6 2. c4 e6 3. Nc3 Bb4 4. e3 Bxc3+ 5. bxc3 d6 6. Bd3 c5 7. Ne2 Nc6 8. O-O O-O 9. f4 {[%emt 0:23:52] [#] E41: Nimzo-Indian: Rubinstein: 4...c5 5 Bd3, including Hübner Variation.} cxd4 $146 ({Predecessor:} 9... e5 10. Ng3 exd4 11. cxd4 cxd4 12. exd4 d5 13. c5 b6 14. Bb5 Bd7 15. f5 h6 16. Bf4 bxc5 17. dxc5 {½-½ (27) Green,P (2166)-Deneuville,C (2229) ICCF email 2018}) 10. cxd4 d5 {[%emt 0:00:02] Inhibits e4.} 11. Rb1 {[%emt 0:08:13] Prevents Nb4. White is slightly better.} dxc4 12. Bxc4 b6 $1 13. Ng3 Bb7 14. Bb2 Rc8 15. Rc1 Na5 16. Bd3 Rxc1 (16... Qd5 {keeps more tension.} 17. Qe2 Rxc1 18. Rxc1 Rc8) 17. Bxc1 Nc6 18. Qe2 Qd7 19. a3 Ne7 20. Bb2 Nf5 $1 21. Nh5 Nxh5 22. Qxh5 ({But not} 22. Bxf5 exf5 23. Qxh5 Qb5 $17) 22... Qd5 23. e4 Qb3 24. Qe2 Nd6 25. Rf3 {[%emt 0:01:07] Black must now prevent Rg3.} f5 $2 {[%emt 0:04:12][%mdl 8192] [#]} (25... Qa2 $11) 26. Rg3 $1 $18 fxe4 {[%emt 0:01:00] [#]} 27. Bxe4 Qxg3 {[%emt 0:01:05] [#]} (27... Qc4 28. Bxh7+) 28. Bxh7+ $1 Kxh7 29. hxg3 {[%emt 0:00:34][%cal Bh2g3,Bg3g4][%mdl 32] Dancing on a razor blade.} Bd5 30. Qc2+ Kg8 31. Qc7 Nc4 (31... Ne8 32. Qxa7 Nf6) 32. Bc1 a5 33. g4 {[%emt 0:00:24] White is clearly winning.} g6 34. a4 Rf7 35. Qd8+ {[%emt 0:00:01] Weighted Error Value: White=0.08 (flawless) /Black=0.38} 1-0

[Event "15th Tashkent Open Agzamov 2022"]
[Site "Tashkent"]
[Date "2022.05.07"]
[Round "6.1"]
[White "Sindarov, Javokhir"]
[Black "Indjic, Aleksandar"]
[Result "0-1"]
[ECO "B90"]
[WhiteElo "2609"]
[BlackElo "2621"]
[Annotator "TA"]
[PlyCount "108"]
[EventDate "2022.05.05"]
[EventType "swiss"]
[EventCountry "UZB"]
[SourceTitle "playchess.com"]
[Source "ChessBase"]
[SourceQuality "1"]
[TimeControl "5400+30"]

1. e4 c5 2. Nf3 d6 3. d4 cxd4 4. Nxd4 Nf6 5. Nc3 a6 6. Be3 e5 7. Nb3 Be7 8. f3 Be6 9. Qd2 h5 10. Nd5 Bxd5 11. exd5 Nbd7 12. O-O-O Qc7 13. Kb1 Nb6 $1 {[%emt 0:01:30] Prevents c4. B90: Sicilian Najdorf: Unusual White 6th moves, 6 Be3 Ng4 and 6 Be3 e5.} 14. Qa5 {[%emt 0:06:46] 14.Bxb6 is not played anymore.} Rc8 15. c3 Bd8 {[%emt 0:01:26] The position is equal.} 16. Bxb6 Qxb6 17. Qa4+ Ke7 $5 {[%emt 0:08:45][%mdl 4] [#] An interesting side line.} 18. g3 $146 ({Predecessor:} 18. Bd3 Re8 19. Bf5 Rc7 20. c4 Kf8 21. c5 dxc5 22. Na5 c4 23. Qa3+ Kg8 24. d6 {0-1 (71) Behling,H (1934)-Geissler,W (2121) GER email 2010}) 18... Re8 19. g4 Qe3 20. Bd3 {[%emt 0:37:24] Rhe1 is the strong threat.} Kf8 21. Qb4 Be7 22. Bf5 Rb8 23. h4 (23. Rhf1 $5 ) 23... Qxf3 (23... g6 $5 24. g5 {[#]} Nxd5 $1 25. Rxd5 gxf5 $17) 24. Rhf1 Qg2 25. Rg1 Qh2 (25... Qf2 26. Rdf1 Qxh4 27. c4 $17) (25... Qe2 $15) 26. g5 $132 {[%emt 0:00:44][%mdl 2048] [#] White is fighting back} Nxd5 27. Qe4 Nf4 {[%emt 0:01:04] Threatens to win with ...g6.} 28. Bd7 {[%emt 0:00:03] Hoping for Qh7.} g6 {[%emt 0:03:56] aiming for ...Red8.} 29. Bxe8 Kxe8 30. c4 {[%emt 0:00:43][%cal Oc4c5] And now c5! would win.} b6 {[%emt 0:03:14] Against c5} (30... Qxh4 31. c5 Rd8 32. cxd6 (32. Qxb7 Ne6 $16) 32... Rxd6 33. Qxb7 Rxd1+ 34. Rxd1 $11) 31. Rh1 Qe2 32. Nd2 Kd7 33. Qxe2 Nxe2 34. Ne4 (34. Rh3 $15) 34... Rc8 $17 35. b3 Nd4 36. Kb2 b5 37. Rc1 bxc4 38. Rxc4 Rb8 39. Nc3 Bd8 40. Ra4 (40. Nd5 $15) 40... a5 41. Re1 (41. Nd5 $17 {might work better.}) 41... Nf5 $19 42. Nd5 Rb5 43. Ne3 Bb6 44. Nc4 ({Don't play} 44. Nxf5 gxf5 45. Rc4 f4) 44... Bc7 45. Ne3 (45. Na3 {was necessary.} Rb4 46. Rxb4 axb4 47. Nc2) 45... d5 46. Nxf5 $2 (46. b4 {keeps fighting.}) 46... gxf5 {[%emt 0:00:02][%cal Bg6f5,Bf5f4,Bf4f3,Bf3f2][%mdl 4128] Endgame KRR-KRB. Black is clearly winning.} 47. Rg1 Bb6 48. Rg2 f4 49. g6 (49. Rd2 $142 Ke6 50. Kc2) 49... fxg6 ({Worse is} 49... f3 50. g7 fxg2 51. g8=Q $11) 50. Rxg6 f3 51. Kc2 f2 52. Rf6 Ke7 53. Rf5 Ke6 54. Rf8 Bc5 {[%emt 0:00:06] Weighted Error Value: White=0.51/Black=0.08 (flawless)} 0-1

[Event "15th Tashkent Open Agzamov 2022"]
[Site "Tashkent"]
[Date "2022.05.07"]
[Round "6.2"]
[White "Vakhidov, Jakhongir"]
[Black "Asadli, Vugar"]
[Result "1/2-1/2"]
[ECO "A21"]
[WhiteElo "2552"]
[BlackElo "2578"]
[Annotator "TA"]
[PlyCount "41"]
[EventDate "2022.05.05"]
[EventType "swiss"]
[EventCountry "UZB"]
[SourceTitle "playchess.com"]
[Source "ChessBase"]
[SourceQuality "1"]
[TimeControl "5400+30"]

1. c4 e5 2. Nc3 Bb4 3. Nd5 Be7 4. d4 d6 5. e4 Nf6 6. Nxe7 {[%emt 0:00:06] A21: English Opening: 1...e5 2 Nc3.} Qxe7 7. f3 $1 exd4 8. Qxd4 {[%emt 0:00:18] White has an edge.} Nc6 9. Qc3 O-O {[%emt 0:00:43] White must now prevent ...d5.} 10. Bg5 Qe5 {[%emt 0:00:35] [#]} 11. Bd2 $146 ({Predecessor:} 11. Bxf6 gxf6 12. Ne2 Be6 13. Ng3 a5 14. Rc1 a4 15. Bd3 Qc5 16. Rf1 Qe3+ 17. Kd1 {½-½ (35) Coyne,D (2333)-Fischer,D (2350) ICCF email 2016}) 11... Nd7 12. O-O-O Nc5 13. g4 {[%emt 0:03:46] Prevents f5.} a5 14. Qe3 (14. Nh3 {feels hotter.} Nb4 15. Qa3 Bd7 16. Be3) 14... Qe8 {[%emt 0:05:09] ...Nb4 is the strong threat.} 15. Ne2 {[%emt 0:03:27] [#]} Be6 (15... Ne5 $1 $17 {And now ...Ncd3+ would win.} 16. Nc3 Be6) 16. Bc3 Nb4 {[%emt 0:19:54] Pair of Knights!} (16... Bxc4 $15 17. b3 Bxe2 18. Bxe2 Qe7) 17. Bxg7 $11 {[%emt 0:01:33] Threatening mate with Bf6. The position is equal.} Kxg7 (17... Qa4 $5 18. Nd4 Kxg7 19. Qg5+ Kh8 20. Qf6+ Kg8 21. Qg5+ Kh8 22. Qf6+ Kg8 23. Qg5+ Kh8 $11) 18. Qg5+ Kh8 19. Qf6+ Kg8 {[%emt 0:00:03] [#] aiming for ...Nd7.} 20. Qg5+ Kh8 21. Qf6+ {[%emt 0:01:30] Weighted Error Value: White=0.11 (very precise) /Black=0.12 (very precise)} 1/2-1/2